 Dungeon Crawl Stone Soup version 0.30-a0-986-g7f2e898f52 (webtiles) character file.

Game seed: 1400741393382029550

58 Pimp the Chiller (level 4, -3/30 HPs)
             Began as a Barachi Ice Elementalist on Apr 1, 2023.
             Slain by Crazy Yiuf
             ... wielding a +3 quarterstaff of chaos
              (12 damage)
             ... on level 2 of the Dungeon.
             The game lasted 00:04:05 (1778 turns).

Pimp the Chiller (Barachi Ice Elementalist)         Turns: 1778, Time: 00:04:07

Health: -3/30      AC:  3    Str:  9    XL:     4   Next: 2%
Magic:  5/8        EV: 12    Int: 17    God:
Gold:   152        SH:  0    Dex: 13    Spells: 1/8 levels left

rFire   + . .      SeeInvis .    d - +0 war axe
rCold   . . .      Faith    .    (no shield)
rNeg    + . .      Spirit   .    a - +1 robe
rPois   .          Reflect  .    (no helmet)
rElec   .          Rampage  .    (no cloak)
rCorr   .                        (no gloves)
Will    .....                    (no boots)
Stlth   ++                       (no amulet)
HPRegen 0.25/turn                g - ring of positive energy
MPRegen 0.11/turn                h - ring of protection from fire

@: slow
A: amphibious, slowness 1, strong legs 1, +LOS
a: Hop


You were on level 2 of the Dungeon.
You visited 1 branch of the dungeon, and saw 2 of its levels.

You collected 152 gold pieces.

Inventory:

Hand Weapons
 d - a +0 war axe (weapon)
Armour
 a - a +1 robe (worn)
Jewellery
 g - a ring of positive energy (left hand)
 h - a ring of protection from fire (right hand)
Scrolls
 c - 2 scrolls of teleportation
 j - 2 scrolls of identify
 k - a scroll of blinking {unknown}
 l - a scroll of noise {unknown}
Potions
 b - a potion of magic
 e - 3 potions of curing
 f - 2 potions of lignification
 i - a potion of heal wounds {unknown}


   Skills:
 + Level 3.0 Dodging
 + Level 2.4 Stealth
 + Level 2.9 Spellcasting
 + Level 5.3 Ice Magic


You had one spell level left.
You knew the following spells:

 Your Spells              Type           Power      Damage    Failure   Level
a - Freeze                Ice            80%        1d9       1%          1
b - Frozen Ramparts       Ice            40%        1d7       6%          3
c - Ozocubu's Armour      Ice            20%        N/A       6%          3

Your spell library contained the following spells:

 Spells                   Type           Power      Damage    Failure   Level
 Sting                    Tmut/Pois      8%         1d3       19%         1
 Summon Ice Beast         Ice/Summ       11%        N/A       52%         4


Dungeon Overview and Level Annotations

Branches:
Dungeon (2/15)

Altars:
Fedhas

Shops:
D:2 (

Annotations:
D:1 1 transporter
D:2 Crazy Yiuf


Innate Abilities, Weirdness & Mutations

You are amphibious.
You cover ground slowly.
You can hop short distances.
You have an extended range of vision and can be seen from far away.


Message History

j - 2 scrolls of identify (gained 1)
You now have 152 gold pieces (gained 6).
There is an escape hatch in the floor here.
You see here a +0 club.
Key pressed, stopping explore.
c - 2 scrolls of teleportation (gained 1)
You open the door.
Crazy Yiuf waves his quarterstaff at you.
There is an open translucent door here.
Crazy Yiuf hits you with a +3 quarterstaff of chaos!
Crazy Yiuf burns you. Crazy Yiuf barely misses you.
You hit Crazy Yiuf but do no damage.
Crazy Yiuf hits you with a +3 quarterstaff of chaos!
* * * LOW HITPOINT WARNING * * *
Casting: Freeze (safe; 1% risk of failure)
Confirm with . or Enter, or press ? or * to list all spells.
Aiming: Freeze (safe; 1% risk of failure)
Press: ? - help, Shift-Dir - straight line, f - Crazy Yiuf
Aim: Crazy Yiuf, wielding a +3 quarterstaff of chaos and wearing a +0 cloak You freeze Crazy Yiuf!
Crazy Yiuf is moderately wounded.
Crazy Yiuf closely misses you.
Casting: Freeze (safe; 1% risk of failure)
Confirm with . or Enter, or press ? or * to list all spells.
Aiming: Freeze (safe; 1% risk of failure)
Press: ? - help, Shift-Dir - straight line, f/p - Crazy Yiuf
Aim: Crazy Yiuf, wielding a +3 quarterstaff of chaos and wearing a +0 cloak (moderately wounded)
You freeze Crazy Yiuf!
Crazy Yiuf is severely wounded.
Crazy Yiuf drinks a potion.
Crazy Yiuf is healed!
Unknown command.
Casting: Freeze (safe; 1% risk of failure)
Confirm with . or Enter, or press ? or * to list all spells.
Aiming: Freeze (safe; 1% risk of failure)
Press: ? - help, Shift-Dir - straight line, f/p - Crazy Yiuf
Aim: Crazy Yiuf, wielding a +3 quarterstaff of chaos and wearing a +0 cloak (moderately wounded)
You freeze Crazy Yiuf.
Crazy Yiuf is heavily wounded.
Crazy Yiuf hits you with a +3 quarterstaff of chaos!
You die...

#.....)........#####.##..####.#
###.###.#...<(...#####.##........
....###.#..............##.#####.#
.<..##.....##############.#####.#
........#..# #.......#
....#...#..# ##### #########
..........## #..)# .##.......##
#.g.# .#.........# #.@.#
.##.......## ##'## #..#......#
♣♣.♣ .#.##.....# ♣.♣♣ ##.##.)...#
♣♣.♣ ##.##.....# ♣.♣♣ .<........#
♣♣.♣♣ ##.#.####### ♣...♣♣
##.#.#.....# ♣....♣


You could see Crazy Yiuf.

Vanquished Creatures
  3 adders (D:2)
  2 worms (D:2)
  4 bats
  2 endoplasms
  5 goblins (D:2)
  A hobgoblin (D:2)
  3 ball pythons
  2 kobolds
  5 rats
27 creatures vanquished.

Vanquished Creatures (others)
  2 fungi (D:2)
2 creatures vanquished.

Grand Total: 29 creatures vanquished

Notes
Turn   | Place    | Note
-------+----------+-------------------------------------------
     0 | D:1      | Pimp the Barachi Ice Elementalist began the quest for the
                  | Orb.
     0 | D:1      | Reached XP level 1. HP: 13/13 MP: 3/3
   544 | D:1      | You fall into a shaft and drop 1 floor!
   829 | D:2      | Reached XP level 2. HP: 17/19 MP: 3/5
   850 | D:2      | Found Ubots's Weapon Shoppe.
   865 | D:2      | Reached skill level 5 in Ice Magic
   917 | D:2      | Found a blossoming altar of Fedhas.
   953 | D:2      | Reached XP level 3. HP: 11/24 MP: 3/6
   973 | D:2      | Learned a level 3 spell: Frozen Ramparts
   977 | D:2      | Learned a level 3 spell: Ozocubu's Armour
  1152 | D:2      | Found a faded altar of an unknown god.
  1157 | D:2      | Got Plato's Dissertation on the Stinger
  1305 | D:2      | Found a runed translucent door.
  1306 | D:2      | Noticed Crazy Yiuf
  1397 | D:2      | Reached XP level 4. HP: 28/30 MP: 8/8
  1547 | D:2      | Identified the +4 dagger "Behag" {elec, Str+3}
  1778 | D:2      | Slain by Crazy Yiuf

Illustrated notes

Levels and vault maps discovered:
D:1:      spicycebolla_arrival_risky_transporter, layout_basic,
          chequers_serial_rivers_marsh
D:2:      layout_loops_cross, basic_altar, shapermc_ecumenical_altar_rom_forum,
          serial_glass, glass_columns_c, glass_columns_c, serial_shops, shop,
          uniq_crazy_yiuf_cottage

Skill      XL: |  1  2  3 |
---------------+----------+-----
Stealth        | 2 |  2.4
Ice Magic      | 5 |  5.3
Dodging        | 3 |  3.0
Spellcasting   | |  2.9

Action                     |  1- 3 |  4- 6 || total
---------------------------+-------+-------++-------
  Melee: War axe           |    64 |     4 ||    68
         Punch             |     1 |       ||     1
   Cast: Freeze            |    22 |     4 ||    26
    Use: Scroll            |     5 |       ||     5
   Stab: Sleeping          |     4 |     1 ||     5
 Armour: Robe              |    34 |     6 ||    40
  Dodge: Dodged            |    75 |    11 ||    86

Table legend: (Time is in decaauts)
 A = Elapsed time spent in this place.
 B = Non-inter-level travel time spent in this place.
 C = Inter-level travel time spent in this place.
 D = Time resting spent in this place.
 E = Time spent auto-exploring this place.
 F = Levels seen in this place.
 G = Mean time per level.
                   A        B        C        D        E       F      G
               +--------+--------+--------+--------+--------+-----+--------+
         Total |   2070 |   2038 |     32 |    203 |   1442 |   2 | 1035.0 |
       Dungeon |   2070 |   2038 |     32 |    203 |   1442 |   2 | 1035.0 |
               +--------+--------+--------+--------+--------+-----+--------+

Top non-repeatable levels by time:
     D:2: 1139 daAuts
     D:1: 931 daAuts
